 Dungeon Crawl Stone Soup version 0.30.0-5-g1a98f26d00 (webtiles) character file.

Game seed: 7547777931720598138

10064 fozzywoppz the Bludgeoner (level 11, -5/101 HPs)
             Began as a Minotaur Fighter on May 10, 2023.
             Was a High Priest of Okawaru.
             Slain by a sixfirhy (12 damage)
             ... led by a cacodemon
             ... on level 2 of the Abyss.
             The game lasted 00:22:23 (8118 turns).

fozzywoppz the Bludgeoner (Minotaur Fighter)        Turns: 8118, Time: 00:22:23

Health: -5/101     AC: 13    Str: 22    XL:     11   Next: 31%
Magic:  0/14       EV:  7    Int:  5    God:    Okawaru [*****.]
Gold:   409        SH:  5    Dex: 13    Spells: 10/10 levels left

rFire   . . .        B - +3 morningstar (flame)
rCold   + . .        c - +0 buckler
rNeg    . . .        C - +0 plate armour
rPois   .            (helmet restricted)
rElec   .            n - +0 cloak
rCorr   .            (no gloves)
SInv    .            (no boots)
Will    .....        w - amulet of guardian spirit Stlth
                     y - ring of protection from cold
HPRegen 0.36/turn    (no ring)
MPRegen 0.14/turn

%: guardian spirit
@: slowed, very slow
A: horns 2, retaliatory headbutt
a: Renounce Religion, Heroism, Finesse, Duel


You were on level 2 of the Abyss.
You worshipped Okawaru.
Okawaru was extremely pleased with you.
You visited 2 branches of the dungeon, and saw 10 of its levels.
You visited the Abyss 1 time.
You also visited: Bailey.

You collected 535 gold pieces.
You spent 126 gold pieces at shops.

Inventory:

Hand Weapons
 B - a +3 morningstar of flaming (weapon)
Armour
 c - a +0 buckler (worn)
 n - a +0 cloak (worn)
 C - a +0 plate armour (worn)
Jewellery
 w - an amulet of guardian spirit (around neck)
 y - a ring of protection from cold (left hand)
Wands
 b - a wand of roots (7)
 l - a wand of light (4)
Scrolls
 f - a scroll of torment
 j - a scroll of magic mapping
 t - 3 scrolls of summoning {unknown}
 u - 2 scrolls of vulnerability
 v - a scroll of amnesia {unknown}
 x - 3 scrolls of enchant weapon
 A - a scroll of teleportation
Potions
 a - 2 potions of invisibility
 d - 4 potions of might
 e - a potion of haste {unknown}
 g - 8 potions of brilliance
 i - 6 potions of curing
 k - 2 potions of berserk rage {unknown}
 m - a potion of mutation {unknown}
 o - a potion of lignification
 p - a potion of flight {unknown}
 s - a potion of resistance
 z - 3 potions of attraction
 D - a potion of magic {unknown}


   Skills:
 + Level 10.5 Fighting
 - Level 16.0 Maces & Flails
 - Level 6.0 Armour
 + Level 3.2 Dodging
 - Level 5.0 Shields
 + Level 5.8 Invocations


You had 10 spell levels left.
You didn't know any spells.
Your spell library contained the following spells:

 Spells                   Type           Power      Damage    Failure   Level
 Freeze                   Ice            0%         1d3       100%        1
 Poisonous Vapours        Pois/Air       0%         N/A       100%        2
 Frozen Ramparts          Ice            0%         1d1       100%        3
 Hailstorm                Conj/Ice       0%         3d3       100%        3
 Mephitic Cloud           Conj/Pois/Air  0%         N/A       100%        3
 Portal Projectile        Hex/Tloc       0%         N/A       100%        3
 Vhi's Electric Charge    Tloc/Air       0%         N/A       100%        3
 Leda's Liquefaction      Hex/Erth       0%         N/A       100%        4
 Arcjolt                  Conj/Air       0%         1d10      100%        5
 Freezing Cloud           Conj/Ice/Air   0%         6-21      100%        5
 Maxwell's Capacitive Co  Air            0%         ∞         100%        8
 Call Canine Familiar     Summ           Unusable   N/A       N/A         3

Dungeon Overview and Level Annotations

Branches:
Dungeon (9/15)             Temple (1/1) D:4            Lair (0/5) D:9
    Orc (0/2) D:9          Bailey (visited)

Altars:
Ashenzari
Cheibriados
Dithmenos
Elyvilon
Fedhas
Gozag
Kikubaaqudgha
Makhleb
Nemelex Xobeh
Okawaru
Sif Muna
Trog
Uskayaw
Vehumet
Xom
Yredelemnul
Zin
The Shining One

Shops:
D:1 [   D:2 =   D:7 *?*

Annotations:
D:6 3 runed translucent doors, LaggoTC's ghost, amateur OpWr; browni3141's ghost, novice OgDe; dang3rdave's ghost, novice GrEE
D:9 Erolcha


Innate Abilities, Weirdness & Mutations

You have a pair of horns on your head.
You reflexively headbutt those who attack you in melee.


Message History

You barely miss the sixfirhy.
The sixfirhy is lightly wounded.
The sixfirhy hits you but does no damage.
You block the sixfirhy's attack. The sixfirhy barely misses you.
You hear a grinding noise.
The sixfirhy hits you!
* * * LOW HITPOINT WARNING * * *
The sixfirhy shocks you!
* * * LOW HITPOINT WARNING * * *
You feel yourself growing ill in the presence of the ancient zyme.
Unknown command.
Okay, then.
Blink to where?
Press: ? - help, Dir - move target
As you read the scroll of blinking, it crumbles to dust.
You feel much better.
You hear a grinding noise.
Okay, then.
As you read the scroll of fog, it crumbles to dust.
The scroll dissolves into smoke.
You feel a little less mighty now. The sixfirhy hits you!
* * * LOW HITPOINT WARNING * * *
The sixfirhy shocks you!
* * * LOW HITPOINT WARNING * * *
The sixfirhy hits you but does no damage.
You hear a grinding noise.
You feel yourself growing ill in the presence of the ancient zyme.
Unknown command.
You puncture the sixfirhy! You burn the sixfirhy.
The sixfirhy is heavily wounded.
The sixfirhy barely misses you.
The sixfirhy hits you but does no damage. x2
You block the sixfirhy's attack.
You miss the sixfirhy. Your headbutt misses the sixfirhy.
The sixfirhy is heavily wounded.
The sixfirhy hits you.
* * * LOW HITPOINT WARNING * * *
The sixfirhy shocks you!
You die...

.. # ## .# .
.. .. #. . #
.# .. . ###
. .. .# .
.###..# §.#
..##.# ...
##. †.####.
.. . . #.. .
. .. ... #
##### ##
...## .
####.
###§####.# .
. # #
#§@§§...# .
.. #3§§....#
. .#
#.#§#§.#..#
#..4.#.####
. ..#....#.
### .
#.##4..#..#
#.##..#...#
#
...#..#.x.##
. .. ......
#


You could see a sixfirhy.

Vanquished Creatures
  2 very ugly things (Abyss:2)
  2 vault guards (Bailey)
  2 ugly things (Abyss:2)
  Joseph (D:8)
  An unseen horror (Abyss:2)
  A kobold demonologist (D:8)
  Grinder (D:6)
  Prince Ribbit (Bailey)
  Sigmund (D:5)
  A ynoxinul (Abyss:2)
  4 humans (Bailey)
  3 steam dragons
  2 small abominations (Abyss:2)
  A sky beast (D:7)
  A water moccasin (D:7)
  2 black bears (D:7)
  2 ice beasts
  2 orc warriors (D:8)
  3 ogres
  5 centaurs
  A phantom (D:5)
  3 kobold brigands
  Blork the orc (D:5)
  11 bullfrogs
  3 scorpions
  2 howler monkeys (D:9)
  3 jellies
  2 hounds
  A quasit (D:7)
  2 orc priests
  A gnoll bouda (D:4)
  Crazy Yiuf (D:2)
  4 iguanas
  Natasha (thrice) (D:3)
  A sleepcap (D:5)
  6 orc wizards
  Robin (D:2)
  10 adders
  16 gnolls
  4 shadow imps
  5 white imps
  2 ufetubi
  A worm (D:4)
  3 dart slugs
  24 orcs
  5 ball pythons
  8 bats
  9 endoplasms
  5 giant cockroaches
  13 hobgoblins
  8 jackals
  3 quokkas
  A frilled lizard (D:2)
  18 goblins
  13 kobolds
  6 rats
238 creatures vanquished.

Vanquished Creatures (others)
  A bullfrog (D:8)
  An ufetubus (D:8)
  5 kobolds (D:8)
7 creatures vanquished.

Grand Total: 245 creatures vanquished

Notes
Turn   | Place    | Note
-------+----------+-------------------------------------------
     0 | D:1      | fozzywoppz the Minotaur Fighter began the quest for the
                  | Orb.
     0 | D:1      | Reached XP level 1. HP: 19/19 MP: 0/0
     8 | D:1      | Found Milid's Antique Armour Emporium.
    63 | D:1      | Reached XP level 2. HP: 27/27 MP: 1/1
   179 | D:1      | Reached XP level 3. HP: 30/33 MP: 2/2
   564 | D:1      | Reached skill level 3 in Maces & Flails
   673 | D:2      | Reached XP level 4. HP: 37/41 MP: 3/3
   739 | D:2      | Found a runed translucent door.
   740 | D:2      | Noticed Crazy Yiuf
   749 | D:2      | Killed Crazy Yiuf
   806 | D:2      | Reached XP level 5. HP: 47/47 MP: 4/4
   819 | D:2      | Found Icwyotru's Jewellery Shop.
   837 | D:2      | Noticed Robin
   841 | D:2      | Reached skill level 1 in Dodging
   853 | D:2      | Reached skill level 5 in Armour
   866 | D:2      | Killed Robin
  1298 | D:2      | Reached skill level 4 in Maces & Flails
  1450 | D:3      | Found an ancient bone altar of Kikubaaqudgha.
  1452 | D:3      | Found a radiant altar of Vehumet.
  1453 | D:3      | Found a basalt altar of Yredelemnul.
  1580 | D:3      | Noticed Natasha
  1585 | D:3      | Killed Natasha
  1675 | D:3      | Reached XP level 6. HP: 39/53 MP: 5/5
  1703 | D:3      | Noticed Natasha
  1710 | D:3      | Killed Natasha
  1711 | D:3      | Reached skill level 5 in Shields
  1833 | D:3      | Identified the +0 robe "Heass" {rPois}
  1969 | D:3      | Noticed Natasha
  1974 | D:3      | Killed Natasha
  2122 | D:4      | Found a staircase to the Ecumenical Temple.
  2132 | Temple   | Entered the Ecumenical Temple
  2274 | Temple   | Became a worshipper of Warmaster Okawaru
  2533 | D:4      | Reached skill level 5 in Fighting
  2607 | D:4      | Reached skill level 5 in Maces & Flails
  3084 | D:5      | Entered Level 5 of the Dungeon
  3123 | D:5      | Noticed Blork the orc
  3129 | D:5      | Killed Blork the orc
  3129 | D:5      | Reached * piety under Okawaru
  3130 | D:5      | Reached XP level 7. HP: 52/61 MP: 6/6
  3155 | D:5      | Reached skill level 6 in Maces & Flails
  3204 | D:5      | Noticed Sigmund
  3352 | D:5      | Killed Sigmund
  3353 | D:5      | Reached skill level 7 in Maces & Flails
  3353 | D:5      | Reached XP level 8. HP: 73/73 MP: 7/7
  3450 | D:5      | Reached ** piety under Okawaru
  3989 | D:4      | Reached skill level 8 in Maces & Flails
  4498 | D:6      | Noticed Grinder
  4510 | D:6      | Killed Grinder
  4533 | D:6      | Reached skill level 9 in Maces & Flails
  4775 | D:6      | Found a runed translucent gate.
  4775 | D:6      | Found a runed translucent gate.
  4776 | D:6      | Found a runed translucent gate.
  4780 | D:6      | Noticed browni3141's ghost (novice OgDe)
  4780 | D:6      | Noticed dang3rdave's ghost (novice GrEE)
  4780 | D:6      | Noticed LaggoTC's ghost (amateur OpWr)
  4798 | D:6      | Found a glowing golden altar of the Shining One.
  4860 | D:7      | Found Xelyxeit's Magic Scroll Emporium.
  4864 | D:7      | Bought a scroll of identify for 30 gold pieces
  4883 | D:7      | Noticed an angel
  4894 | D:7      | Found Saohiv's Hallowed Reliquary.
  4902 | D:7      | Bought a potion of curing for 36 gold pieces
  4902 | D:7      | Bought a potion of heal wounds for 60 gold pieces
  4970 | D:7      | Reached XP level 9. HP: 80/84 MP: 8/8
  4992 | D:7      | Found Gozag's Platinum Reserve.
  4992 | D:7      | Found an opulent altar of Gozag.
  5041 | D:7      | Reached *** piety under Okawaru
  5042 | D:7      | Reached skill level 1 in Invocations
  5156 | D:7      | Found a white marble altar of Elyvilon.
  5399 | D:7      | Reached skill level 10 in Maces & Flails
  5706 | D:7      | Reached skill level 10 in Fighting
  5860 | D:7      | Found a shimmering altar of Xom.
  6105 | D:8      | Noticed Joseph
  6117 | D:8      | Killed Joseph
  6117 | D:8      | Reached **** piety under Okawaru
  6118 | D:8      | Reached skill level 11 in Maces & Flails
  6324 | D:8      | Noticed a kobold demonologist
  6333 | D:8      | Killed a kobold demonologist
  6334 | D:8      | Reached skill level 12 in Maces & Flails
  6345 | D:8      | Reached XP level 10. HP: 79/93 MP: 9/11
  6468 | D:8      | Reached ***** piety under Okawaru
  7307 | D:9      | Found a flagged portal.
  7328 | D:9      | Reached skill level 13 in Maces & Flails
  7334 | Bailey   | Entered a bailey
  7360 | Bailey   | Identified the +5 ring mail of Bakkeq {rN+ Will- Dex+2}
                  | (Okawaru gifted it to you in a bailey)
  7360 | Bailey   | Received a gift from Okawaru
  7520 | Bailey   | Reached skill level 14 in Maces & Flails
  7598 | Bailey   | Noticed a vault guard
  7620 | Bailey   | Killed a vault guard
  7653 | Bailey   | Noticed a vault guard
  7653 | Bailey   | Noticed Prince Ribbit
  7658 | Bailey   | Killed Prince Ribbit
  7664 | Bailey   | Killed a vault guard
  7665 | Bailey   | Reached skill level 15 in Maces & Flails
  7933 | D:9      | Found a staircase to the Orcish Mines.
  7978 | D:9      | Noticed Erolcha
  7993 | Abyss:2  | Cast into level 2 of the Abyss (Erolcha)
  8031 | Abyss:2  | Noticed a green ugly thing
  8042 | Abyss:2  | Noticed a green very ugly thing
  8053 | Abyss:2  | Noticed a green very ugly thing
  8055 | Abyss:2  | Killed a green ugly thing
  8059 | Abyss:2  | Noticed a green ugly thing
  8061 | Abyss:2  | HP: 3/93 [small abomination (4)]
  8066 | Abyss:2  | Killed a green very ugly thing
  8067 | Abyss:2  | Reached skill level 16 in Maces & Flails
  8067 | Abyss:2  | Reached skill level 5 in Invocations
  8067 | Abyss:2  | Reached XP level 11. HP: 15/99 MP: 1/13
  8071 | Abyss:2  | Killed a green very ugly thing
  8075 | Abyss:2  | Killed a purple ugly thing
  8107 | Abyss:2  | Noticed a sixfirhy
  8107 | Abyss:2  | Noticed a cacodemon
  8112 | Abyss:2  | HP: 2/101 [sixfirhy[a cacodemon] (8)]
  8118 | Abyss:2  | Slain by a sixfirhy

Illustrated notes

Levels and vault maps discovered:
D:1:      spicycebolla_arrival_transporter_tutorial, layout_rooms, serial_bayou,
          serial_bayou_pond_c, serial_bayou_lagoon_a, serial_bayou_shore_a,
          serial_bayou_pond_e, serial_shops, nicolae_shop_advertising_works
          [nicolae_subvault_shop_adworks], palyth_stone_intersect,
          minmay_distorted
D:2:      layout_loops_ring, serial_shops, nicolae_shop_gaudy_bauble,
          uniq_crazy_yiuf_cottage, uniq_robin
D:3:      layout_rooms, gammafunk_temple_overflow_forgotten, uniq_natasha
D:4:      layout_cave_pods, minmay_temple_entry_proselytizer
D:5:      layout_loops_ring, uniq_blork_the_orc, uniq_sigmund
D:6:      layout_rooms, tso_oasis_becter, gammafunk_ghost_cemetery, uniq_grinder
D:7:      layout_cave_pods, elyvilon_altar_3, nicolae_gozag_zags_fifth_avenue,
          mainiacjoe_overflow_tiny_flanked, serial_shops,
          nicolae_shop_hallway_stairs, nicolae_good_shop
D:8:      layout_cave_pods, serial_demonic, serial_demonic_g, serial_demonic_d,
          serial_demonic_g, serial_demonic_f, uniq_joseph
D:9:      layout_roguey, grunt_qazlal_clouds, grunt_lair_entry_orc_guard_hut,
          orc_0_dummy, lightli_bailey_entry_fortress, uniq_erolcha
Temple:   grunt_temple_mini_profane
Abyss:2:  base: D:7, guppyfry_abyss_exit_glass_guarded

Skill      XL: |  1  2  3  4  5  6  7  8  9 10 11 |
---------------+----------------------------------+-----
Shields        | 4 5 |  5.0
Fighting       | 4 5 7 9 10 | 10.5
Armour         | 4 5 6 |  6.0
Maces & Flails | 3 4 5 7 9 12 16 | 16.0
Dodging        | 1 3 |  3.2
Invocations    | 3 5 |  5.8

Action                     |  1- 3 |  4- 6 |  7- 9 | 10-12 || total
---------------------------+-------+-------+-------+-------++-------
  Melee: Flail             |    65 |     7 |   140 |    22 ||   234
         Headbutt          |     9 |    29 |    47 |    17 ||   102
         Mace              |       |   137 |   104 |       ||   241
         Morningstar       |       |       |       |   140 ||   140
 Invoke: Heroism           |       |       |       |     1 ||     1
  Evoke: Wand              |       |       |     5 |     7 ||    12
    Use: Scroll            |       |     3 |     6 |    10 ||    19
         Potion            |       |       |     2 |     7 ||     9
 Armour: Scale mail        |    42 |    77 |   116 |       ||   235
         Skin              |       |       |    16 |       ||    16
         Plate armour      |       |       |    24 |    98 ||   122
  Dodge: Dodged            |    41 |    72 |   103 |    41 ||   257
  Block: Buckler           |    22 |    36 |    70 |    46 ||   174
